 Dungeon Crawl Stone Soup version 0.21.1-1-g345015f (webtiles) character file.

19 Kairos the Charmwright (level 2, -3/22 HPs)
             Began as a Demonspawn Skald on Mar 25, 2018.
             Slain by a hobgoblin
             ... wielding a cursed -1 club
             ... led by Robin
              (5 damage)
             ... on level 2 of the Dungeon.
             The game lasted 00:01:14 (954 turns).

Kairos the Charmwright (Demonspawn Skald)            Turns: 954, Time: 00:01:15

Health: -3/22      AC:  3    Str: 11    XL:     2   Next: 55%
Magic:  5/5        EV: 12    Int: 14    God:
Gold:   52         SH:  0    Dex: 12    Spells: 4/5 levels left

rFire    . . .     SeeInvis .   l - +0 whip
rCold    . . .     Gourm    .   (no shield)
rNeg     . . .     Faith    .   b - +0 leather armour
rPois    .         Spirit   .   (no helmet)
rElec    .         Reflect  .   (no cloak)
rCorr    .         Harm     .   (no gloves)
MR       .....                  (no boots)
Stlth    ++........             (no amulet)
HPRegen  0.07/turn              (no ring)
MPRegen  0.09/turn              (no ring)

@: no status effects
A: nightstalker 1
a: no special abilities


You were on level 2 of the Dungeon.
You were not hungry.

You visited 1 branch of the dungeon, and saw 2 of its levels.

You collected 52 gold pieces.

Inventory:

Hand Weapons
 a - a +0 mace
 l - a +0 whip (weapon)
Armour
 b - a +0 leather armour (worn)
Scrolls
 g - a scroll of blinking {unknown}
 i - 3 scrolls of magic mapping {unknown}
 j - a scroll of random uselessness {unknown}
 k - a scroll of teleportation {unknown}
Potions
 e - 3 potions of mutation {unknown}
 f - a potion of flight {unknown}
 h - a potion of curing {unknown}
Books
 c - a book of Battle

   Spells                             Type                      Level
   a - Infusion                       Charms                       1
   b - Shroud of Golubria             Charms/Translocation         2
   c - Song of Slaying                Charms                       2
   d - Spectral Weapon                Hexes/Charms                 3
   e - Regeneration                   Charms/Necromancy            3
Comestibles
 d - 2 rations


   Skills:
 + Level 2.0 Fighting
 + Level 2.2 Maces & Flails
 + Level 1.0 Armour
 + Level 1.9 Dodging
 + Level 2.0 Spellcasting
 + Level 3.0 Charms


You had 4 spell levels left.
You knew the following spells:

 Your Spells              Type           Power        Failure   Level  Hunger
a - Infusion              Chrm           #...         9%          1    ##.....


Dungeon Overview and Level Annotations

Branches:
Dungeon (2/15)

Altars:

Annotations:
D:2 Robin


Innate Abilities, Weirdness & Mutations

You are slightly more attuned to the shadows.


Message History

You hear a shout!
A goblin comes into view. It is wielding a club.
The goblin shouts!
You closely miss the goblin. The goblin barely misses you.
The goblin closely misses you. x2; The goblin hits you.
You hit the goblin.
The goblin is heavily wounded.
The goblin hits you. The goblin closely misses you. The goblin misses you.
The goblin hits you with a club.
* * * LOW HITPOINT WARNING * * *
The goblin barely misses you.
You hit the goblin.
You kill the goblin!
The goblin completely misses you. The goblin hits you with a club.
* * * LOW HITPOINT WARNING * * *
The goblin closely misses you. The goblin misses you.
You hit the hobgoblin.
The hobgoblin is moderately wounded.
The hobgoblin hits you with a club.
You die...

.. #.##.###### #.#
#......# ..# #.####.#
### #.####.# ##+#
#....#.# #...# #......#
.....# ######.###
...ggg## #........#
..gggg@####...##.#.###.
....gggg...............
.....gg####...#..#.###.
......## #..##.##.#
.....# #.###.##.# #..>#
#.###.##.# ##+#
#........# #####.####
#.#


You could see Robin, 2 hobgoblins and 10 goblins.

Vanquished Creatures
  3 bats
  A goblin (D:2)
  5 hobgoblins
  2 frilled lizards (D:1)
  5 kobolds
  2 rats (D:1)
18 creatures vanquished.

Notes
Turn   | Place    | Note
-------+----------+-------------------------------------------
     0 | D:1      | Kairos the Demonspawn Skald began the quest for the Orb.
     0 | D:1      | Reached XP level 1. HP: 16/16 MP: 3/3
   332 | D:1      | Gained mutation: You are slightly more attuned to the shadows. [demonic ancestry]
   332 | D:1      | Reached XP level 2. HP: 19/22 MP: 5/5
   914 | D:2      | Reached skill level 3 in Charms
   931 | D:2      | Reached skill level 1 in Armour
   948 | D:2      | Noticed Robin
   954 | D:2      | Slain by a hobgoblin

Skill      XL: |  1  2 |
---------------+-------+-----
Maces & Flails | 2 |  2.2
Charms         | 3 |  3.0
Armour         | 1 |  1.0
Fighting       | |  2.0
Dodging        | |  1.9
Spellcasting   | |  2.0

Action                   || total
-------------------------++-------
Melee: Mace              ||    56
       Whip              ||    15
 Cast: Infusion          ||     1
 Stab: Sleeping          ||     2
Armor: Leather armour    ||    15
Dodge: Dodged            ||    53
